Workbook

Sheet Plan. Orçamentária (2)
A1: PREFEITURA MUNICIPAL Secretaria de Obras e Serviços Urbanos | O1: 1
O2: 2
O3: 3
A4: OBRA POR EXECUÇÃO INDIRETA | O4: 4
A5: Setor requisitante: Secretaria Municipal de Obras e Serviços Urbanos | O5: 5
A6: Objeto: | C6: Reforma do telhado da Casa Velório de Nova Era | G6: BDI: | H6: =BDI!H27 -> 0.31406425 | I6: =TODAY() -> 45012 | O6: 6
O7: 7
A8: PLANILHA ORÇAMENTÁRIA | O8: 8
A9: Item | B9: Preço Referência | C9: Fonte | D9: Descrição | E9: Qtde. | F9: Unidade | G9: Preço unitário sem BDI | H9: Preço unitário com BDI | I9: P. Total | O9: 9
A10: 1 | D10: MOBILIZAÇÃO E DESMOBILIZAÇÃO | O10: 10
A11: 1.1 | B11: ED-50392 | C11: SETOP (OUT/2022) | D11: Mobilização e desmobilização de obra - para obras com o valor até R$1.000.000,00 - 0,5% do custo direto da obra | E11: ='Plan. Orçamentária - Mem. Cálc.'!J18 -> 1 | F11: VB | H11: =(G11+(G11*$H$6)) -> 0 | I11: =E11*H11 -> 0 | K11: =I11/$I$42 -> #DIV/0! | O11: 12
A12: ="SUB-TOTAL (Item "& $A$10 & ")" -> SUB-TOTAL (Item 1) | I12: =SUM(I11) -> 0 | O12: 13
A13: 2 | D13: CANTEIRO DE OBRAS | O13: 14
A14: =$A$13&"."&O1 -> 2.1 | B14: ED-28427 | C14: SETOP (OUT/2022) | D14: Fornecimento e colocação de placa de obra em chapa galvanizada #26, esp. 0,45mm, dimensão (3x1,5)m, plotada com adesivo vinílico, afixada com rebites 4,8x40mm, em estrutura metálica de metalon 20x20mm, esp. 1,25mm, inclusive suporte em eucalipto autoclavado pintado com tinta pva duas (2) demãos | E14: ='Plan. Orçamentária - Mem. Cálc.'!J23 -> 1 | F14: UN | H14: =(G14+(G14*$H$6)) -> 0 | I14: =E14*H14 -> 0 | K14: =I14/$I$42 -> #DIV/0! | O14: 15
A15: ="SUB-TOTAL (Item "& $A$13 & ")" -> SUB-TOTAL (Item 2) | I15: =SUM(I14) -> 0 | O15: 16
A16: 3 | D16: ADMINISTRAÇÃO LOCAL | O16: 17
A17: =$A$16&"."&O1 -> 3.1 | B17: CO-27339 | C17: SETOP (OUT/2022) | D17: Engenheiro/Arquiteto Júnior | E17: ='Plan. Orçamentária - Mem. Cálc.'!J28 -> 44 | F17: H | H17: =(G17+(G17*$H$6)) -> 0 | I17: =E17*H17 -> 0 | K17: =I17/$I$42 -> #DIV/0! | O17: 18
A18: =$A$16&"."&O2 -> 3.2 | B18: ED-21776 | C18: SETOP (OUT/2022) | D18: Encarregado geral de obras com encargos complementares | E18: ='Plan. Orçamentária - Mem. Cálc.'!J32 -> 2 | F18: MÊS | H18: =(G18+(G18*$H$6)) -> 0 | I18: =E18*H18 -> 0 | K18: =I18/$I$42 -> #DIV/0! | O18: 19
A19: ="SUB-TOTAL (Item "& $A$16 & ")" -> SUB-TOTAL (Item 3) | I19: =SUM(I17:I18) -> 0
A20: 4 | D20: REFORMA DE TELHADO
A21: =$A$20&"."&O1 -> 4.1 | B21: ED-48512 | C21: SETOP (OUT/2022) | D21: Remoção manual de telha em fibrocimento, tipo ondulada, com reaproveitamento, inclusive afastamento e empilhamento, exclusive transporte e retirada do material removido não reaproveitável | E21: ='Plan. Orçamentária - Mem. Cálc.'!J40 -> 160.32805 | F21: M2 | H21: =(G21+(G21*$H$6)) -> 0 | I21: =E21*H21 -> 0 | K21: =I21/$I$42 -> #DIV/0!
A22: =$A$20&"."&O2 -> 4.2 | B22: ED-48454 | C22: SETOP (OUT/2022) | D22: Remoção manual de engradamento para telha tipo metálica, pvc ou fibrocimento, com reaproveitamento, inclusive afastamento e empilhamento, exclusive transporte e retirada do material removido não reaproveitável | E22: ='Plan. Orçamentária - Mem. Cálc.'!J47 -> 159.55159 | F22: M2 | H22: =(G22+(G22*$H$6)) -> 0 | I22: =E22*H22 -> 0 | K22: =I22/$I$42 -> #DIV/0!
A23: =$A$20&"."&O3 -> 4.3 | B23: 92580 | C23: SINAPI (NOV/2022) | D23: Trama de aço composta por terças para telhados de até 2 águas para telha ondulada de fibrocimento, metálica, plástica ou termoacústica, incluso transporte vertical. Af_07/201 | E23: ='Plan. Orçamentária - Mem. Cálc.'!J55 -> 162.03158 | F23: M2 | H23: =(G23+(G23*$H$6)) -> 0 | I23: =E23*H23 -> 0 | K23: =I23/$I$42 -> #DIV/0!
A24: =$A$20&"."&O4 -> 4.4 | B24: ED-48428 | C24: SETOP (OUT/2022) | D24: Cobertura em telha metálica galvanizada trapezoidal, tipo simples, esp. 0,50mm, acabamento natural, inclusive acessórios para fixação, fornecimento e instalação | E24: ='Plan. Orçamentária - Mem. Cálc.'!J63 -> 162.03158 | F24: M2 | H24: =(G24+(G24*$H$6)) -> 0 | I24: =E24*H24 -> 0 | K24: =I24/$I$42 -> #DIV/0!
A25: =$A$20&"."&O5 -> 4.5 | B25: Composição 001 | C25: Composição 001 | D25: Fornecimento de estrutura metálica em perfil em 'U' soldado, inclusive fabricação, transporte, montagem e aplicação de fundo preparador anticorrosivo em superfície metálica, uma (1) demão | E25: ='Plan. Orçamentária - Mem. Cálc.'!J68 -> 69.972 | F25: KG | H25: =(G25+(G25*$H$6)) -> 0 | I25: =E25*H25 -> 0 | K25: =I25/$I$42 -> #DIV/0!
A26: =$A$20&"."&O6 -> 4.6 | B26: ED-50663 | C26: SETOP (OUT/2022) | D26: Calha em chapa galvanizada, esp. 0,5mm (gsg-26), com desenvolvimento de 50cm, inclusive içamento manual vertical | E26: ='Plan. Orçamentária - Mem. Cálc.'!J73 -> 22.1 | F26: M | H26: =(G26+(G26*$H$6)) -> 0 | I26: =E26*H26 -> 0 | K26: =I26/$I$42 -> #DIV/0!
A27: =$A$20&"."&O7 -> 4.7 | B27: ED-50678 | C27: SETOP (OUT/2022) | D27: Rufo e contrarrufo em chapa galvanizada, esp. 0,65mm ( gsg-24), com desenvolvimento de 33cm, inclusive içamento manual vertical | E27: ='Plan. Orçamentária - Mem. Cálc.'!J84 -> 71.114253 | F27: M | H27: =(G27+(G27*$H$6)) -> 0 | I27: =E27*H27 -> 0 | K27: =I27/$I$42 -> #DIV/0!
A28: =$A$20&"."&O8 -> 4.8 | B28: ED-52311 | C28: SETOP (OUT/2022) | D28: Manta isolante para telhados | E28: ='Plan. Orçamentária - Mem. Cálc.'!J89 -> 2.538 | F28: M2 | H28: =(G28+(G28*$H$6)) -> 0 | I28: =E28*H28 -> 0 | K28: =I28/$I$42 -> #DIV/0!
A29: =$A$20&"."&O9 -> 4.9 | B29: RO-41431 | C29: SETOP (OUT/2022) | D29: Andaime em estrutura metálica tubular, incluindo fornecimento, montagem e transporte de todos os materiais | E29: ='Plan. Orçamentária - Mem. Cálc.'!J93 -> 64.356 | F29: M3 | H29: =(G29+(G29*$H$6)) -> 0 | I29: =E29*H29 -> 0 | K29: =I29/$I$42 -> #DIV/0!
A30: =$A$20&"."&O10 -> 4.10 | B30: RO-41432 | C30: SETOP (OUT/2022) | D30: Plataforma de madeira para andaimes, incluindo fornecimento, montagem e transporte de todos os materiais | E30: ='Plan. Orçamentária - Mem. Cálc.'!J97 -> 20.76 | F30: M2 | H30: =(G30+(G30*$H$6)) -> 0 | I30: =E30*H30 -> 0 | K30: =I30/$I$42 -> #DIV/0!
A31: =$A$20&"."&O11 -> 4.12 | B31: ED-51125 | C31: SETOP (OUT/2022) | D31: Transporte de material demolido em caçamba | E31: ='Plan. Orçamentária - Mem. Cálc.'!J101 -> 9.6196827 | F31: M3 | H31: =(G31+(G31*$H$6)) -> 0 | I31: =E31*H31 -> 0 | K31: =I31/$I$42 -> #DIV/0!
A32: =$A$20&"."&O12 -> 4.13 | B32: ED-49935 | C32: SETOP (OUT/2022) | D32: Caixa d´água de polietileno, capacidade de 500l, inclusive tampa, torneira de boia, extravasor, tubo de limpeza e acessórios, exclusive tubulação de entrada/ saída de água | E32: ='Plan. Orçamentária - Mem. Cálc.'!J105 -> 1 | F32: UN | H32: =(G32+(G32*$H$6)) -> 0 | I32: =E32*H32 -> 0 | K32: =I32/$I$42 -> #DIV/0!
A33: ="SUB-TOTAL (Item "& $A$20 & ")" -> SUB-TOTAL (Item 4) | I33: =SUM(I21:I32) -> 0
A34: 5 | D34: PINTURA
A35: 5.1 | B35: ED-50451 | C35: SETOP (OUT/2022) | D35: Pintura acrílica em parede, duas (2) demãos, exclusive selador acrílico e massa acrílica/corrida (pva) | E35: ='Plan. Orçamentária - Mem. Cálc.'!J117 -> 75.18 | F35: M2 | H35: =(G35+(G35*$H$6)) -> 0 | I35: =E35*H35 -> 0 | K35: =I35/$I$42 -> #DIV/0!
A36: ="SUB-TOTAL (Item "& $A$20 & ")" -> SUB-TOTAL (Item 4) | I36: =SUM(I35) -> 0
A37: 6 | D37: LIMPEZA DA OBRA
A38: =$A$37&"."&O1 -> 6.1 | B38: ED-50272 | C38: SETOP (OUT/2022) | D38: Limpeza de estrutura em policarbonato | E38: ='Plan. Orçamentária - Mem. Cálc.'!J122 -> 28.62 | F38: M2 | H38: =(G38+(G38*$H$6)) -> 0 | I38: =(H38*E38) -> 0 | K38: =I38/$I$42 -> #DIV/0!
A39: =$A$37&"."&O2 -> 6.2 | B39: ED-50270 | C39: SETOP (OUT/2022) | D39: Limpeza permanente de obra - 01 servente x 4 horas diárias | E39: ='Plan. Orçamentária - Mem. Cálc.'!J126 -> 2 | F39: MÊS | H39: =(G39+(G39*$H$6)) -> 0 | I39: =E39*H39 -> 0 | K39: =I39/$I$42 -> #DIV/0!
A40: =$A$37&"."&O3 -> 6.3 | B40: ED-50266 | C40: SETOP (OUT/2022) | D40: Limpeza final para entrega de obra | E40: ='Plan. Orçamentária - Mem. Cálc.'!J130 -> 196.355 | F40: M2 | H40: =(G40+(G40*$H$6)) -> 0 | I40: =E40*H40 -> 0 | K40: =I40/$I$42 -> #DIV/0!
A41: ="SUB-TOTAL (Item "& $A$37 & ")" -> SUB-TOTAL (Item 6) | I41: =SUM(I38:I40) -> 0
A42: TOTAL | I42: =SUM(I12+I15+I19,I33,I36,I41,) -> 0
A43: 1) Os preços unitários da planilha são referenciais, limites máximos permitidos e correspondem ao custo total de cada serviço. Foram utilizados preços de referência com desoneração, conforme Lei 13.161/2015.
A44: 2) Estão incluídos nos custos de cada item: Fornecimento e transporte de todos os materiais e equipamentos + mão de obra + encargos sociais + encargos complementares. No preço unitário estão incluidos todos os componentes necessários para execução de cada serviço, mesmo aqueles que embora não citados sejam indispensáveis para o seu desenvolvimento.
A45: 3) Os Encargos complementares são custos associados à mão de obra - alimentação, transporte, equipamentos de proteção individual, ferramentas e outros.
A46: 4) O BDI adotado foi de 30,38%, com desoneração, conforme Acórdão nº 2622/2013 e Lei 13.161 de 31/08/15. Os percentuais adotados para o cálculo do BDI estão detalhados em planilha anexa. Conforme legislação tributária Municipal, a base de cálculo do ISS corresponde a 90,00% do valor deste tipo de obra e, sobre esta base, incide ISS com alíquota de 5,00%.
A47: 5) A Contribuição Previdenciária sobre a Receita Bruta (CPRB) - Lei 13.161/2015, desonera a folha de salários de diversas atividades econômicas da construção civil e impacta no cálculo do BDI mediante a majoração do percentual correspondente à 4,5% sobre o preço total da obra, em substituição à contribuição previdenciária patronal de 20% prevista nos encargos sociais.
A48: 6) Os serviços deverão ser executados rigorosamente conforme Planilha Orçamentária, Especificação Técnica e Projetos.
A49: 7) Caso a Fiscalização Municipal entenda como inviável a execução de algum item previsto nesta planilha, a Prefeitura Municipal reserva-se o direito de realizar supressão total ou parcial do(s) mesmo(s), de acordo com os limites estabelecidos pela Lei nº 8.666/93.
A50: 8) Os LICITANTES deverão apresentar composição do BDI utilizado em sua proposta comercial, detalhando cada percentual separadamente (Administração central, seguros, riscos, garantias, despesas financeiras, lucro/remuneração, impostos). O percentual de ISS deverá seguir a legislação Municipal. A CONTRATANTE realizará retenção do ISS conforme alíquota adotada na composição da empresa vencedora do processo licitatório.

Sheet Plan. Orçamentária
A1: PREFEITURA MUNICIPAL Secretaria de Obras e Serviços Urbanos | O1: 1
O2: 2
O3: 3
A4: OBRA POR EXECUÇÃO INDIRETA | O4: 4
A5: Setor requisitante: Secretaria Municipal de Obras e Serviços Urbanos | O5: 5
A6: Objeto: | C6: Reforma do telhado da Casa Velório de Nova Era | G6: BDI: | H6: =BDI!H27 -> 0.31406425 | I6: =TODAY() -> 45012 | O6: 6
O7: 7
A8: PLANILHA ORÇAMENTÁRIA | O8: 8
A9: Item | B9: Preço Referência | C9: Fonte | D9: Descrição | E9: Qtde. | F9: Unidade | G9: Preço unitário sem BDI | H9: Preço unitário com BDI | I9: P. Total | O9: 9
A10: 1 | D10: MOBILIZAÇÃO E DESMOBILIZAÇÃO | O10: 10
A11: 1.1 | B11: ED-50392 | C11: SETOP (OUT/2022) | D11: Mobilização e desmobilização de obra - para obras com o valor até R$1.000.000,00 - 0,5% do custo direto da obra | E11: ='Plan. Orçamentária - Mem. Cálc.'!J18 -> 1 | F11: VB | G11: ='Plan. Orçamentária - Mem. Cálc.'!H14 -> 285.34494 | H11: =(G11+(G11*$H$6)) -> 374.96158 | I11: =E11*H11 -> 374.96158 | K11: =I11/$I$42 -> 0.0044865979 | O11: 12
A12: ="SUB-TOTAL (Item "& $A$10 & ")" -> SUB-TOTAL (Item 1) | I12: =SUM(I11) -> 374.96158 | O12: 13
A13: 2 | D13: CANTEIRO DE OBRAS | O13: 14
A14: =$A$13&"."&O1 -> 2.1 | B14: ED-28427 | C14: SETOP (OUT/2022) | D14: Fornecimento e colocação de placa de obra em chapa galvanizada #26, esp. 0,45mm, dimensão (3x1,5)m, plotada com adesivo vinílico, afixada com rebites 4,8x40mm, em estrutura metálica de metalon 20x20mm, esp. 1,25mm, inclusive suporte em eucalipto autoclavado pintado com tinta pva duas (2) demãos | E14: ='Plan. Orçamentária - Mem. Cálc.'!J23 -> 1 | F14: UN | G14: 1313.86 | H14: =(G14+(G14*$H$6)) -> 1726.4965 | I14: =E14*H14 -> 1726.4965 | K14: =I14/$I$42 -> 0.020658371 | O14: 15
A15: ="SUB-TOTAL (Item "& $A$13 & ")" -> SUB-TOTAL (Item 2) | I15: =SUM(I14) -> 1726.4965 | O15: 16
A16: 3 | D16: ADMINISTRAÇÃO LOCAL | O16: 17
A17: =$A$16&"."&O1 -> 3.1 | B17: CO-27339 | C17: SETOP (OUT/2022) | D17: Engenheiro/Arquiteto Júnior | E17: ='Plan. Orçamentária - Mem. Cálc.'!J28 -> 44 | F17: H | G17: 147.85 | H17: =(G17+(G17*$H$6)) -> 194.2844 | I17: =E17*H17 -> 8548.5136 | K17: =I17/$I$42 -> 0.10228713 | O17: 18
A18: =$A$16&"."&O2 -> 3.2 | B18: ED-21776 | C18: SETOP (OUT/2022) | D18: Encarregado geral de obras com encargos complementares | E18: ='Plan. Orçamentária - Mem. Cálc.'!J32 -> 2 | F18: MÊS | G18: 7133.35 | H18: =(G18+(G18*$H$6)) -> 9373.6802 | I18: =E18*H18 -> 18747.36 | K18: =I18/$I$42 -> 0.2243213 | O18: 19
A19: ="SUB-TOTAL (Item "& $A$16 & ")" -> SUB-TOTAL (Item 3) | I19: =SUM(I17:I18) -> 27295.874
A20: 4 | D20: REFORMA DE TELHADO
A21: =$A$20&"."&O1 -> 4.1 | B21: ED-48512 | C21: SETOP (OUT/2022) | D21: Remoção manual de telha em fibrocimento, tipo ondulada, com reaproveitamento, inclusive afastamento e empilhamento, exclusive transporte e retirada do material removido não reaproveitável | E21: ='Plan. Orçamentária - Mem. Cálc.'!J40 -> 160.32805 | F21: M2 | G21: 10.41 | H21: =(G21+(G21*$H$6)) -> 13.679409 | I21: =E21*H21 -> 2193.1929 | K21: =I21/$I$42 -> 0.026242621
A22: =$A$20&"."&O2 -> 4.2 | B22: ED-48454 | C22: SETOP (OUT/2022) | D22: Remoção manual de engradamento para telha tipo metálica, pvc ou fibrocimento, com reaproveitamento, inclusive afastamento e empilhamento, exclusive transporte e retirada do material removido não reaproveitável | E22: ='Plan. Orçamentária - Mem. Cálc.'!J47 -> 159.55159 | F22: M2 | G22: 12.14 | H22: =(G22+(G22*$H$6)) -> 15.95274 | I22: =E22*H22 -> 2545.285 | K22: =I22/$I$42 -> 0.030455575
A23: =$A$20&"."&O3 -> 4.3 | B23: 92580 | C23: SINAPI (NOV/2022) | D23: Trama de aço composta por terças para telhados de até 2 águas para telha ondulada de fibrocimento, metálica, plástica ou termoacústica, incluso transporte vertical. Af_07/201 | E23: ='Plan. Orçamentária - Mem. Cálc.'!J55 -> 162.03158 | F23: M2 | G23: 48.56 | H23: =(G23+(G23*$H$6)) -> 63.81096 | I23: =E23*H23 -> 10339.391 | K23: =I23/$I$42 -> 0.12371584
A24: =$A$20&"."&O4 -> 4.4 | B24: ED-48428 | C24: SETOP (OUT/2022) | D24: Cobertura em telha metálica galvanizada trapezoidal, tipo simples, esp. 0,50mm, acabamento natural, inclusive acessórios para fixação, fornecimento e instalação | E24: ='Plan. Orçamentária - Mem. Cálc.'!J63 -> 162.03158 | F24: M2 | G24: 96.87 | H24: =(G24+(G24*$H$6)) -> 127.2934 | I24: =E24*H24 -> 20625.551 | K24: =I24/$I$42 -> 0.24679476
A25: =$A$20&"."&O5 -> 4.5 | B25: Composição 001 | C25: Composição 001 | D25: Fornecimento de estrutura metálica em perfil em 'U' soldado, inclusive fabricação, transporte, montagem e aplicação de fundo preparador anticorrosivo em superfície metálica, uma (1) demão | E25: ='Plan. Orçamentária - Mem. Cálc.'!J68 -> 69.972 | F25: KG | G25: ='C.P.U'!H16 -> 20.906115 | H25: =(G25+(G25*$H$6)) -> 27.471979 | I25: =E25*H25 -> 1922.2693 | K25: =I25/$I$42 -> 0.023000888
A26: =$A$20&"."&O6 -> 4.6 | B26: ED-50663 | C26: SETOP (OUT/2022) | D26: Calha em chapa galvanizada, esp. 0,5mm (gsg-26), com desenvolvimento de 50cm, inclusive içamento manual vertical | E26: ='Plan. Orçamentária - Mem. Cálc.'!J73 -> 22.1 | F26: M | G26: 64.92 | H26: =(G26+(G26*$H$6)) -> 85.309051 | I26: =E26*H26 -> 1885.33 | K26: =I26/$I$42 -> 0.022558892
A27: =$A$20&"."&O7 -> 4.7 | B27: ED-50678 | C27: SETOP (OUT/2022) | D27: Rufo e contrarrufo em chapa galvanizada, esp. 0,65mm ( gsg-24), com desenvolvimento de 33cm, inclusive içamento manual vertical | E27: ='Plan. Orçamentária - Mem. Cálc.'!J84 -> 71.114253 | F27: M | G27: 49.6 | H27: =(G27+(G27*$H$6)) -> 65.177587 | I27: =E27*H27 -> 4635.0554 | K27: =I27/$I$42 -> 0.055460695
A28: =$A$20&"."&O8 -> 4.8 | B28: ED-52311 | C28: SETOP (OUT/2022) | D28: Manta isolante para telhados | E28: ='Plan. Orçamentária - Mem. Cálc.'!J89 -> 2.538 | F28: M2 | G28: 22.38 | H28: =(G28+(G28*$H$6)) -> 29.408758 | I28: =E28*H28 -> 74.639428 | K28: =I28/$I$42 -> 0.0008930971
A29: =$A$20&"."&O9 -> 4.9 | B29: RO-41431 | C29: SETOP (OUT/2022) | D29: Andaime em estrutura metálica tubular, incluindo fornecimento, montagem e transporte de todos os materiais | E29: ='Plan. Orçamentária - Mem. Cálc.'!J93 -> 64.356 | F29: M3 | G29: 7.18 | H29: =(G29+(G29*$H$6)) -> 9.4349813 | I29: =E29*H29 -> 607.19766 | K29: =I29/$I$42 -> 0.0072654157
A30: =$A$20&"."&O10 -> 4.10 | B30: RO-41432 | C30: SETOP (OUT/2022) | D30: Plataforma de madeira para andaimes, incluindo fornecimento, montagem e transporte de todos os materiais | E30: ='Plan. Orçamentária - Mem. Cálc.'!J97 -> 20.76 | F30: M2 | G30: 7.87 | H30: =(G30+(G30*$H$6)) -> 10.341686 | I30: =E30*H30 -> 214.69339 | K30: =I30/$I$42 -> 0.002568911
A31: =$A$20&"."&O11 -> 4.12 | B31: ED-51125 | C31: SETOP (OUT/2022) | D31: Transporte de material demolido em caçamba | E31: ='Plan. Orçamentária - Mem. Cálc.'!J101 -> 9.6196827 | F31: M3 | G31: 48 | H31: =(G31+(G31*$H$6)) -> 63.075084 | I31: =E31*H31 -> 606.7623 | K31: =I31/$I$42 -> 0.0072602064
A32: =$A$20&"."&O12 -> 4.13 | B32: ED-49935 | C32: SETOP (OUT/2022) | D32: Caixa d´água de polietileno, capacidade de 500l, inclusive tampa, torneira de boia, extravasor, tubo de limpeza e acessórios, exclusive tubulação de entrada/ saída de água | E32: ='Plan. Orçamentária - Mem. Cálc.'!J105 -> 1 | F32: UN | G32: 608.47 | H32: =(G32+(G32*$H$6)) -> 799.56868 | I32: =E32*H32 -> 799.56868 | K32: =I32/$I$42 -> 0.0095672285
A33: ="SUB-TOTAL (Item "& $A$20 & ")" -> SUB-TOTAL (Item 4) | I33: =SUM(I21:I32) -> 46448.936
A34: 5 | D34: PINTURA
A35: 5.1 | B35: ED-50451 | C35: SETOP (OUT/2022) | D35: Pintura acrílica em parede, duas (2) demãos, exclusive selador acrílico e massa acrílica/corrida (pva) | E35: ='Plan. Orçamentária - Mem. Cálc.'!J117 -> 75.18 | F35: M2 | G35: 13.19 | H35: =(G35+(G35*$H$6)) -> 17.332508 | I35: =E35*H35 -> 1303.0579 | K35: =I35/$I$42 -> 0.015591722
A36: ="SUB-TOTAL (Item "& $A$20 & ")" -> SUB-TOTAL (Item 4) | I36: =SUM(I35) -> 1303.0579
A37: 6 | D37: LIMPEZA DA OBRA
A38: =$A$37&"."&O1 -> 6.1 | B38: ED-50272 | C38: SETOP (OUT/2022) | D38: Limpeza de estrutura em policarbonato | E38: ='Plan. Orçamentária - Mem. Cálc.'!J122 -> 28.62 | F38: M2 | G38: 5.67 | H38: =(G38+(G38*$H$6)) -> 7.4507443 | I38: =(H38*E38) -> 213.2403 | K38: =I38/$I$42 -> 0.0025515241
A39: =$A$37&"."&O2 -> 6.2 | B39: ED-50270 | C39: SETOP (OUT/2022) | D39: Limpeza permanente de obra - 01 servente x 4 horas diárias | E39: ='Plan. Orçamentária - Mem. Cálc.'!J126 -> 2 | F39: MÊS | G39: 1783.1 | H39: =(G39+(G39*$H$6)) -> 2343.108 | I39: =E39*H39 -> 4686.2159 | K39: =I39/$I$42 -> 0.056072856
A40: =$A$37&"."&O3 -> 6.3 | B40: ED-50266 | C40: SETOP (OUT/2022) | D40: Limpeza final para entrega de obra | E40: ='Plan. Orçamentária - Mem. Cálc.'!J130 -> 196.355 | F40: M2 | G40: 5.91 | H40: =(G40+(G40*$H$6)) -> 7.7661197 | I40: =E40*H40 -> 1524.9164 | K40: =I40/$I$42 -> 0.018246368
A41: ="SUB-TOTAL (Item "& $A$37 & ")" -> SUB-TOTAL (Item 6) | I41: =SUM(I38:I40) -> 6424.3727
A42: TOTAL | I42: =SUM(I12+I15+I19,I33,I36,I41,) -> 83573.699
A43: 1) Os preços unitários da planilha são referenciais, limites máximos permitidos e correspondem ao custo total de cada serviço. Foram utilizados preços de referência com desoneração, conforme Lei 13.161/2015.
A44: 2) Estão incluídos nos custos de cada item: Fornecimento e transporte de todos os materiais e equipamentos + mão de obra + encargos sociais + encargos complementares. No preço unitário estão incluidos todos os componentes necessários para execução de cada serviço, mesmo aqueles que embora não citados sejam indispensáveis para o seu desenvolvimento.
A45: 3) Os Encargos complementares são custos associados à mão de obra - alimentação, transporte, equipamentos de proteção individual, ferramentas e outros.
A46: 4) O BDI adotado foi de 30,38%, com desoneração, conforme Acórdão nº 2622/2013 e Lei 13.161 de 31/08/15. Os percentuais adotados para o cálculo do BDI estão detalhados em planilha anexa. Conforme legislação tributária Municipal, a base de cálculo do ISS corresponde a 90,00% do valor deste tipo de obra e, sobre esta base, incide ISS com alíquota de 5,00%.
A47: 5) A Contribuição Previdenciária sobre a Receita Bruta (CPRB) - Lei 13.161/2015, desonera a folha de salários de diversas atividades econômicas da construção civil e impacta no cálculo do BDI mediante a majoração do percentual correspondente à 4,5% sobre o preço total da obra, em substituição à contribuição previdenciária patronal de 20% prevista nos encargos sociais.
A48: 6) Os serviços deverão ser executados rigorosamente conforme Planilha Orçamentária, Especificação Técnica e Projetos.
A49: 7) Caso a Fiscalização Municipal entenda como inviável a execução de algum item previsto nesta planilha, a Prefeitura Municipal reserva-se o direito de realizar supressão total ou parcial do(s) mesmo(s), de acordo com os limites estabelecidos pela Lei nº 8.666/93.
A50: 8) Os LICITANTES deverão apresentar composição do BDI utilizado em sua proposta comercial, detalhando cada percentual separadamente (Administração central, seguros, riscos, garantias, despesas financeiras, lucro/remuneração, impostos). O percentual de ISS deverá seguir a legislação Municipal. A CONTRATANTE realizará retenção do ISS conforme alíquota adotada na composição da empresa vencedora do processo licitatório.

Sheet Plan. Orçamentária - Mem. Cálc.
A1: PREFEITURA MUNICIPAL Secretaria de Obras e Serviços Urbanos
A4: OBRA POR EXECUÇÃO INDIRETA
A5: Setor requisitante: Secretaria Municipal de Obras e Serviços Urbanos
A6: Objeto: | B6: Reforma do telhado do Museu Municipal de Arte e História de Nova Era | H6: BDI: | I6: =BDI!H27 -> 0.31406425 | J6: ='Plan. Orçamentária'!I6:I7 -> 45012
A8: MEMÓRIA DE CÁLCULO
A9: ='Plan. Orçamentária'!A10 -> 1 | B9: ='Plan. Orçamentária'!D10 -> MOBILIZAÇÃO E DESMOBILIZAÇÃO
A10: ='Plan. Orçamentária'!A11 -> 1.1 | B10: ='Plan. Orçamentária'!D11 -> Mobilização e desmobilização de obra - para obras com o valor até R$1.000.000,00 - 0,5% do custo direto da obra
A11: Detalhe | D11: Custo direto da obra (com BDI) | F11: Custo direto da obra (sem BDI) | H11: Mobilização e desmobilização de obra - para obras com o valor até R$1.000.000,00 - 0,5% do custo direto da obra
A14: 0.5 | D14: ='Plan. Orçamentária'!I15+'Plan. Orçamentária'!I19+'Plan. Orçamentária'!I33+'Plan. Orçamentária'!I36+'Plan. Orçamentária'!I41 -> 83198.737 | F14: =D14-((D14*I6)) -> 57068.988 | H14: =(A14*F14)/100 -> 285.34494
A15: Detalhe | D15: Extensão | E15: Largura | F15: Altura | G15: Quantidade | H15: Área | I15: Dedução | J15: Total
A16: Mobilização | G16: 0.7 | J16: =PRODUCT(D16:H16)-I16 -> 0.7
A17: Desmobilização | G17: 0.3 | J17: =PRODUCT(D17:H17)-I17 -> 0.3
A18: ="TOTAL - "&'Plan. Orçamentária'!F11 -> TOTAL - VB | J18: =SUM(J16:J17) -> 1
A19: ='Plan. Orçamentária'!A13 -> 2 | B19: ='Plan. Orçamentária'!D13 -> CANTEIRO DE OBRAS
A20: ='Plan. Orçamentária'!A14 -> 2.1 | B20: ='Plan. Orçamentária'!D14 -> Fornecimento e colocação de placa de obra em chapa galvanizada #26, esp. 0,45mm, dimensão (3x1,5)m, plotada com adesivo vinílico, afixada com rebites 4,8x40mm, em estrutura metálica de metalon 20x20mm, esp. 1,25mm, inclusive suporte em eucalipto autoclavado pintado com tinta pva duas (2) demãos
A21: Detalhe | D21: Extensão | E21: Largura | F21: Altura | G21: Quantidade | H21: Lados | I21: Dedução | J21: Total
A22: Obra de reforma - Telhado Casa Velório | G22: 1 | J22: =PRODUCT(D22:H22)-I22 -> 1
A23: ="TOTAL - "&'Plan. Orçamentária'!F14 -> TOTAL - UN | J23: =SUM(J22) -> 1
A24: ='Plan. Orçamentária'!A16 -> 3 | B24: ='Plan. Orçamentária'!D16 -> ADMINISTRAÇÃO LOCAL
A25: ='Plan. Orçamentária'!A17 -> 3.1 | B25: ='Plan. Orçamentária'!D17 -> Engenheiro/Arquiteto Júnior
A26: Detalhe | D26: Extensão | E26: Largura | F26: Altura | G26: Quantidade | H26: Meses | I26: Dedução | J26: Total
A27: Obra de reforma - Telhado Casa Velório | G27: =(1*22) -> 22 | H27: 2 | J27: =PRODUCT(D27:H27)-I27 -> 44
A28: ="TOTAL - "&'Plan. Orçamentária'!F17 -> TOTAL - H | J28: =SUM(J27) -> 44
A29: ='Plan. Orçamentária'!A18 -> 3.2 | B29: ='Plan. Orçamentária'!D18 -> Encarregado geral de obras com encargos complementares
A30: Detalhe | D30: Extensão | E30: Largura | F30: Altura | G30: Quantidade | H30: Lados | I30: Dedução | J30: Total
A31: Obra de reforma - Telhado Casa Velório | G31: 2 | J31: =PRODUCT(D31:H31)-I31 -> 2
A32: ="TOTAL - "&'Plan. Orçamentária'!F18 -> TOTAL - MÊS | J32: =SUM(J31) -> 2
A33: ='Plan. Orçamentária'!A20 -> 4 | B33: ='Plan. Orçamentária'!D20 -> REFORMA DE TELHADO
A34: ='Plan. Orçamentária'!A21 -> 4.1 | B34: ='Plan. Orçamentária'!D21 -> Remoção manual de telha em fibrocimento, tipo ondulada, com reaproveitamento, inclusive afastamento e empilhamento, exclusive transporte e retirada do material removido não reaproveitável
A35: Detalhe | D35: Extensão | E35: Largura (Plano) | F35: Inclinação (Graus) | G35: Largura (Inclinado) | H35: Lados | I35: Dedução | J35: Total
A36: Telhado principal - Água 1 | D36: 11.05 | E36: 5.65 | F36: 15 | G36: =E36/0.965925826 -> 5.8493104 | J36: =D36*G36-I36 -> 64.63488
A37: Telhado principal - Água 2 | D37: 4.55 | E37: 5 | F37: 15 | G37: =E37/0.965925826 -> 5.1763809 | J37: =D37*G37-I37 -> 23.552533
A38: Telhado principal - Água 3 | D38: 1.45 | E38: 5 | F38: 15 | G38: =E38/0.965925826 -> 5.1763809 | J38: =D38*G38-I38 -> 7.5057523
A39: Telhado principal - Água 4 | D39: 11.05 | E39: 5.65 | F39: 15 | G39: =E39/0.965925826 -> 5.8493104 | J39: =D39*G39-I39 -> 64.63488
A40: ="TOTAL - "&'Plan. Orçamentária'!F21 -> TOTAL - M2 | J40: =SUM(J36:J39) -> 160.32805
A41: ='Plan. Orçamentária'!A22 -> 4.2 | B41: ='Plan. Orçamentária'!D22 -> Remoção manual de engradamento para telha tipo metálica, pvc ou fibrocimento, com reaproveitamento, inclusive afastamento e empilhamento, exclusive transporte e retirada do material removido não reaproveitável
A42: Detalhe | D42: Extensão | E42: Largura | F42: Altura | G42: Largura (Inclinado) | H42: Lados | I42: Dedução | J42: Total
A43: Telhado principal - Água 1 | D43: 11.05 | E43: 5.65 | F43: 15 | G43: =E43/0.965925826 -> 5.8493104 | J43: =D43*G43-I43 -> 64.63488
A44: Telhado principal - Água 2 | D44: 4.4 | E44: 5 | F44: 15 | G44: =E44/0.965925826 -> 5.1763809 | J44: =D44*G44-I44 -> 22.776076
A45: Telhado principal - Água 3 | D45: 1.45 | E45: 5 | F45: 15 | G45: =E45/0.965925826 -> 5.1763809 | J45: =D45*G45-I45 -> 7.5057523
A46: Telhado principal - Água 4 | D46: 11.05 | E46: 5.65 | F46: 15 | G46: =E46/0.965925826 -> 5.8493104 | J46: =D46*G46-I46 -> 64.63488
A47: ="TOTAL - "&'Plan. Orçamentária'!F22 -> TOTAL - M2 | J47: =SUM(J43:J46) -> 159.55159
A48: ='Plan. Orçamentária'!A23 -> 4.3 | B48: ='Plan. Orçamentária'!D23 -> Trama de aço composta por terças para telhados de até 2 águas para telha ondulada de fibrocimento, metálica, plástica ou termoacústica, incluso transporte vertical. Af_07/201
A49: Detalhe | D49: Extensão | E49: Largura (Plano) | F49: Inclinação (Graus) | G49: Largura (Inclinado) | H49: Quantidade | I49: Dedução | J49: Total
A50: Telhado principal - Água 1 | D50: 11.05 | E50: 5.65 | F50: 5 | G50: =E50/0.996194698 -> 5.6715821 | J50: =D50*G50-I50 -> 62.670982
A51: Telhado principal - Água 2 | D51: 4.55 | E51: 5.1 | F51: 5 | G51: =E51/0.996194698 -> 5.1194812 | J51: =D51*G51-I51 -> 23.293639
A52: Telhado principal - Água 3 | D52: 1.45 | E52: 5.1 | F52: 5 | G52: =E52/0.996194698 -> 5.1194812 | J52: =D52*G52-I52 -> 7.4232477
A53: Telhado principal - Água 4 | D53: 11.05 | E53: 5.65 | F53: 5 | G53: =E53/0.996194698 -> 5.6715821 | J53: =D53*G53-I53 -> 62.670982
A54: Cobertura caixa d'água | D54: 1.7 | E54: 3.5 | F54: 5 | G54: =E54/0.996194698 -> 3.5133694 | J54: =D54*G54-I54 -> 5.972728
A55: ="TOTAL - "&'Plan. Orçamentária'!F23 -> TOTAL - M2 | J55: =SUM(J50:J54) -> 162.03158
A56: ='Plan. Orçamentária'!A24 -> 4.4 | B56: ='Plan. Orçamentária'!D24 -> Cobertura em telha metálica galvanizada trapezoidal, tipo simples, esp. 0,50mm, acabamento natural, inclusive acessórios para fixação, fornecimento e instalação
A57: Detalhe | D57: Extensão | E57: Largura (Plano) | F57: Inclinação (Graus) | G57: Largura (Inclinado) | H57: Quantidade | I57: Dedução | J57: Total
A58: Telhado principal - Água 1 | D58: 11.05 | E58: 5.65 | F58: 5 | G58: =E58/0.996194698 -> 5.6715821 | J58: =D58*G58-I58 -> 62.670982
A59: Telhado principal - Água 2 | D59: 4.55 | E59: 5.1 | F59: 5 | G59: =E59/0.996194698 -> 5.1194812 | J59: =D59*G59-I59 -> 23.293639
A60: Telhado principal - Água 3 | D60: 1.45 | E60: 5.1 | F60: 5 | G60: =E60/0.996194698 -> 5.1194812 | J60: =D60*G60-I60 -> 7.4232477
A61: Telhado principal - Água 4 | D61: 11.05 | E61: 5.65 | F61: 5 | G61: =E61/0.996194698 -> 5.6715821 | J61: =D61*G61-I61 -> 62.670982
A62: Cobertura caixa d'água | D62: 1.7 | E62: 3.5 | F62: 5 | G62: =E62/0.996194698 -> 3.5133694 | J62: =D62*G62-I62 -> 5.972728
A63: ="TOTAL - "&'Plan. Orçamentária'!F24 -> TOTAL - M2 | J63: =SUM(J58:J62) -> 162.03158
A64: ='Plan. Orçamentária'!A25 -> 4.5 | B64: ='Plan. Orçamentária'!D25 -> Fornecimento de estrutura metálica em perfil em 'U' soldado, inclusive fabricação, transporte, montagem e aplicação de fundo preparador anticorrosivo em superfície metálica, uma (1) demão
A65: Detalhe | D65: Extensão | E65: Expessura | F65: Altura | G65: Kg / m | H65: Quantidade | I65: Dedução | J65: Total
A66: Base para Caixa d' água 2° Anexo - Chapa 14 | D66: =1.6*7 -> 11.2 | G66: =20.58/6 -> 3.43 | H66: 1 | J66: =D66*G66-I66 -> 38.416
A67: Estrutura de alteamento caixa d' água - Chapa 14 | F67: =1.07*2+1.23*2 -> 4.6 | G67: =20.58/6 -> 3.43 | H67: 2 | J67: =F67*G67*H67-I67 -> 31.556
A68: ="TOTAL - "&'Plan. Orçamentária'!F25 -> TOTAL - KG | J68: =SUM(J66:J67) -> 69.972
A69: ='Plan. Orçamentária'!A26 -> 4.6 | B69: ='Plan. Orçamentária'!D26 -> Calha em chapa galvanizada, esp. 0,5mm (gsg-26), com desenvolvimento de 50cm, inclusive içamento manual vertical
A70: Detalhe | D70: Extensão (Plano) | E70: Largura | F70: Inclinação | G70: Extensão (Inclinado) | H70: Quantidade | I70: Dedução | J70: Total
A71: Telhado principal - Junção Água 1 e Água 2 | D71: 11.05 | J71: =D71 -> 11.05
A72: Telhado principal - Junção Água 3 e Água 4 | D72: 11.05 | J72: =D72 -> 11.05
A73: ="TOTAL - "&'Plan. Orçamentária'!F26 -> TOTAL - M | J73: =SUM(J71:J72) -> 22.1
A74: ='Plan. Orçamentária'!A27 -> 4.7 | B74: ='Plan. Orçamentária'!D27 -> Rufo e contrarrufo em chapa galvanizada, esp. 0,65mm ( gsg-24), com desenvolvimento de 33cm, inclusive içamento manual vertical
A75: Detalhe | D75: Extensão | E75: Largura | F75: Altura | G75: Quantidade | H75: Lados | I75: Dedução | J75: Total
A76: Telhado principal - Água 1 | D76: =D50 -> 11.05 | J76: =PRODUCT(D76:H76)-I76 -> 11.05
E77: =G50 -> 5.6715821 | G77: 2 | J77: =PRODUCT(D77:H77)-I77 -> 11.343164
A78: Telhado principal - Água 2 | D78: 4.4 | J78: =PRODUCT(D78:H78)-I78 -> 4.4
E79: =G51 -> 5.1194812 | G79: 2 | J79: =PRODUCT(D79:H79)-I79 -> 10.238962
A80: Telhado principal - Água 3 | D80: =D52 -> 1.45 | J80: =PRODUCT(D80:H80)-I80 -> 1.45
E81: =G52 -> 5.1194812 | G81: 2 | J81: =PRODUCT(D81:H81)-I81 -> 10.238962
A82: Telhado principal - Água 4 | D82: =D53 -> 11.05 | J82: =PRODUCT(D82:H82)-I82 -> 11.05
E83: =G53 -> 5.6715821 | G83: 2 | J83: =PRODUCT(D83:H83)-I83 -> 11.343164
A84: ="TOTAL - "&'Plan. Orçamentária'!F27 -> TOTAL - M | J84: =SUM(J76:J83) -> 71.114253
A85: ='Plan. Orçamentária'!A28 -> 4.8 | B85: ='Plan. Orçamentária'!D28 -> Manta isolante para telhados
A86: Detalhe | D86: Extensão | E86: Largura | F86: Espessura | G86: Quantidade | H86: Empolamento | I86: Dedução | J86: Total
A87: Vedação para o suporte da caixa d'água | D87: =0.15*2+0.08*2 -> 0.46 | E87: 0.3 | J87: =PRODUCT(D87:H87) -> 0.138
A88: Cantos do telhado | D88: 8 | E88: 0.3 | J88: =PRODUCT(D88:H88) -> 2.4
A89: ="TOTAL - "&'Plan. Orçamentária'!F28 -> TOTAL - M2 | J89: =SUM(J87:J88) -> 2.538
A90: ='Plan. Orçamentária'!A29 -> 4.9 | B90: ='Plan. Orçamentária'!D29 -> Andaime em estrutura metálica tubular, incluindo fornecimento, montagem e transporte de todos os materiais
A91: Detalhe | D91: Extensão | E91: Largura | F91: Altura | G91: Quantidade | H91: Lados | I91: Dedução | J91: Total
A92: Andaime | D92: 17.3 | E92: 1.2 | F92: 3.1 | J92: =PRODUCT(D92:H92) -> 64.356
A93: ="TOTAL - "&'Plan. Orçamentária'!F29 -> TOTAL - M3 | J93: =SUM(J92:J92) -> 64.356
A94: ='Plan. Orçamentária'!A30 -> 4.10 | B94: ='Plan. Orçamentária'!D30 -> Plataforma de madeira para andaimes, incluindo fornecimento, montagem e transporte de todos os materiais
A95: Detalhe | D95: Extensão | E95: Largura | F95: Altura | G95: Quantidade | H95: Lados | I95: Dedução | J95: Total
A96: Plataforma de madeira para andaimes | D96: 17.3 | E96: 1.2 | J96: =PRODUCT(D96:H96) -> 20.76
A97: ="TOTAL - "&'Plan. Orçamentária'!F30 -> TOTAL - M2 | J97: =SUM(J96:J96) -> 20.76
A98: ='Plan. Orçamentária'!A31 -> 4.12 | B98: ='Plan. Orçamentária'!D31 -> Transporte de material demolido em caçamba
A99: Detalhe | D99: Extensão | E99: Largura | F99: Espessura | G99: Quantidade | H99: Empolamento | I99: Dedução | J99: Total
A100: Remoção de telha e engradamento | F100: 0.04 | G100: =J40 -> 160.32805 | H100: 1.5 | J100: =PRODUCT(D100:H100) -> 9.6196827
A101: ="TOTAL - "&'Plan. Orçamentária'!F31 -> TOTAL - M3 | J101: =SUM(J100:J100) -> 9.6196827
A102: ='Plan. Orçamentária'!A32 -> 4.13 | B102: ='Plan. Orçamentária'!D32 -> Caixa d´água de polietileno, capacidade de 500l, inclusive tampa, torneira de boia, extravasor, tubo de limpeza e acessórios, exclusive tubulação de entrada/ saída de água
A103: Detalhe | D103: Extensão | E103: Largura | F103: Espessura | G103: Quantidade | H103: Empolamento | I103: Dedução | J103: Total
A104: Caixa d' água | G104: 1 | J104: =PRODUCT(D104:H104) -> 1
A105: ="TOTAL - "&'Plan. Orçamentária'!F32 -> TOTAL - UN | J105: =SUM(J104:J104) -> 1
...

Sheet C.P.U
A1: PREFEITURA MUNICIPAL Secretaria de Obras e Serviços Urbanos | O1: 1
O2: 2
O3: 3
A4: OBRA POR EXECUÇÃO INDIRETA | O4: 4
A5: Setor requisitante: Secretaria Municipal de Obras e Serviços Urbanos | O5: 5
A6: Objeto: | B6: ='Plan. Orçamentária'!C6 -> Reforma do telhado da Casa Velório de Nova Era | F6: BDI: | G6: =BDI!H27 -> 0.31406425 | H6: ='Plan. Orçamentária'!I6:I7 -> 45012 | O6: 6
O7: 7
A8: COMPOSIÇÃO DE CUSTOS | O8: 8
A9: Comp - 001 | B9: ='Plan. Orçamentária'!D25 -> Fornecimento de estrutura metálica em perfil em 'U' soldado, inclusive fabricação, transporte, montagem e aplicação de fundo preparador anticorrosivo em superfície metálica, uma (1) demão | G9: Kg | H9: =H16 -> 20.906115
A10: Item | B10: Referência coeficiente | C10: Referência custo unitário | D10: Descrição do insumo / serviço | E10: Unidade | F10: Coeficiente | G10: Custo unitário (R$) | H10: Custo total (R$)
A12: 001.1 | B12: 40535 | C12: 00040535 | D12: Perfil "u" simples de aço galvanizado dobrado 75 x *40* mm, e = 2,65 mm | E12: Kg | F12: 1 | G12: 9.18 | H12: =F12*G12 -> 9.18
A13: 001.2 | B13: ED-20567 | C13: ED-49665 | D13: Estrutura metálica em perfil laminado/soldado, exclusive pintura ( fabricação) | E13: Kg | F13: 1 | G13: 3.56 | H13: =F13*G13 -> 3.56
A14: 001.3 | B14: ED-20568 | C14: ED-49665 | D14: Estrutura metálica em perfil laminado/soldado, exclusive pintura ( transporte e montagem) | E14: Kg | F14: 1 | G14: 7.81 | H14: =F14*G14 -> 7.81
A15: 001.4 | B15: ED-50532 | C15: ED-49665 | D15: Pintura anticorrosiva a base de óxido de ferro ( zarcão) em esquadria e superfície metálica, uma (1) demão | E15: M2 | F15: 0.034078 | G15: 10.45 | H15: =F15*G15 -> 0.3561151
A16: ="SUB-TOTAL ("&A9&"):" -> SUB-TOTAL (Comp - 001): | H16: =SUM(H12:H15) -> 20.906115

Sheet BDI
A1: PREFEITURA MUNICIPAL Secretaria de Obras e Serviços Urbanos
A4: ='Plan. Orçamentária'!A4:I4 -> OBRA POR EXECUÇÃO INDIRETA
A5: ='Plan. Orçamentária'!A5:I5 -> Setor requisitante: Secretaria Municipal de Obras e Serviços Urbanos
A6: ='[2]PLANILHA ORÇAMENTÁRIA'!A6 -> Objeto: | B6: ='Plan. Orçamentária'!C6 -> Reforma do telhado da Casa Velório de Nova Era | H6: ='Plan. Orçamentária'!I6:I7 -> 45012
A7: BDI
A9: Conforme legislação tributária municipal, definir estimativa de percentual da base de cálculo para o ISS: | G9: 0.9
A10: Sobre a base de cálculo, definir a respectiva alíquota do ISS (entre 2% e 5%): | G10: 0.05
A12: BDI 1
A14: TIPO DE OBRA
A15: Contrução e Reforma de Edifícios
A17: Itens | G17: Siglas | H17: % Adotado
A18: =IF($H$20=$A$168,"Encargos Sociais incidentes sobre a mão de obra","Administração Central") -> Administração Central | G18: AC | H18: 0.04
A19: =IF($H$20=$A$168,"Administração Central da empresa ou consultoria - overhead","Seguro e Garantia") -> Seguro e Garantia | G19: SG | H19: 0.008
A20: =IF($H$20=$A$168,"","Risco") -> Risco | G20: R | H20: 0.0127
A21: =IF($H$20=$A$168,"","Despesas Financeiras") -> Despesas Financeiras | G21: DF | H21: 0.0123
A22: =IF($H$20=$A$168,"Margem bruta da empresa de consultoria","Lucro") -> Lucro | G22: L | H22: 0.069
A23: Tributos (impostos COFINS 3%, e PIS 0,65%) | G23: CP | H23: 0.0365
A24: Tributos (ISS, variável de acordo com o município) | G24: ISS | H24: =G10*G9 -> 0.045
A25: Tributos (Contribuição Previdenciária sobre a Receita Bruta - 0% ou 4,5% - Desoneração) | G25: CPRB | H25: 0.045
A26: BDI SEM desoneração (Fórmula Acórdão TCU) | G26: BDI PAD | H26: =(((1+H18+H19+H20)*(1+H21)*(1+H22))/(1-(H23+H24)))-1 -> 0.24968441
A27: BDI COM desoneração | G27: BDI DES | H27: =(((1+(H18+H19+H20))*(1+H21)*(1+H22))/(1-(H23+H24+H25)))-1 -> 0.31406425
A29: Os valores de BDI foram calculados com o emprego da fórmula: | J29: =(1+H18+H19+H20)*(1+H21)*(1+H22) -> 1.1478351 | K29: =(J29/J30)-1 -> 0.31406425
J30: =(1-H23-H24-H25) -> 0.8735
A35: =CONCATENATE("Declaro para os devidos fins que, conforme legislação tributária municipal, a base de cálculo deste tipo de obra corresponde à ",$G$9*100,"%, com a respectiva alíquota de ",$G$10*100,"%.") -> Declaro para os devidos fins que, conforme legislação tributária municipal, a base de cálculo deste tipo de obra corresponde à 90%, com a respectiva alíquota de 5%.
A39: ="Declaro para os devidos fins que o regime de Contribuição Previdenciária sobre a Receita Bruta adotado para elaboração do orçamento foi COM Desoneração, e que esta é a alternativa mais adequada para a Administração Pública." -> Declaro para os devidos fins que o regime de Contribuição Previdenciária sobre a Receita Bruta adotado para elaboração do orçamento foi COM Desoneração, e que esta é a alternativa mais adequada para a Administração Pública.
A43: Observações:
A65: Contrução e Reforma de Edifícios

Sheet Cronograma
A1: PREFEITURA MUNICIPAL Secretaria de Obras e Serviços Urbanos
A4: ='Plan. Orçamentária'!A4:I4 -> OBRA POR EXECUÇÃO INDIRETA
A5: ='Plan. Orçamentária'!A5:I5 -> Setor requisitante: Secretaria Municipal de Obras e Serviços Urbanos
A6: ='Plan. Orçamentária'!A6:B7 -> Objeto: | B6: ='Plan. Orçamentária'!C6 -> Reforma do telhado da Casa Velório de Nova Era | J6: ='Plan. Orçamentária'!G6:G7 -> BDI: | K6: ='Plan. Orçamentária'!H6:H7 -> 0.31406425 | L6: ='Plan. Orçamentária'!I6:I7 -> 45012
A7: CRONOGRAMA FÍSICO / FINANCEIRO
A8: ITEM | B8: ETAPAS/ DESCRIÇÃO | E8: FÍSICO/ FINANCEIRO | F8: TOTAL ETAPAS | G8: 1 MÊS | H8: 2 MÊS | I8: 3 MÊS | J8: 4 MÊS | K8: 5 MÊS | L8: 6 MÊS
A10: ='Plan. Orçamentária'!A10 -> 1 | B10: ='Plan. Orçamentária'!D10 -> MOBILIZAÇÃO E DESMOBILIZAÇÃO | E10: Físico % | F10: =SUM(G10:J10) -> 1 | G10: =G11/$F11 -> 0.7 | H10: 0.3
E11: Financeiro | F11: ='Plan. Orçamentária'!I12 -> 374.96158 | G11: ='Plan. Orçamentária'!I12*0.7 -> 262.47311 | H11: ='Plan. Orçamentária'!I12*0.3 -> 112.48848 | N11: =F11 -> 374.96158 | O11: =SUM(G11:J11) -> 374.96158 | P11: =N11-O11 -> 0
A12: ='Plan. Orçamentária'!A13 -> 2 | B12: ='Plan. Orçamentária'!D13 -> CANTEIRO DE OBRAS | E12: Físico % | F12: =SUM(G12:J12) -> 1 | G12: =G13/$F13 -> 1 | H12: =H13/$F13 -> 0
E13: Financeiro | F13: ='Plan. Orçamentária'!I15 -> 1726.4965 | G13: ='Plan. Orçamentária'!I15 -> 1726.4965 | N13: =F13 -> 1726.4965 | O13: =SUM(G13:J13) -> 1726.4965 | P13: =N13-O13 -> 0
A14: ='Plan. Orçamentária'!A16 -> 3 | B14: ='Plan. Orçamentária'!D16 -> ADMINISTRAÇÃO LOCAL | E14: Físico % | F14: =SUM(G14:J14) -> 1 | G14: =G15/$F15 -> 0.5 | H14: =H15/$F15 -> 0.5
E15: Financeiro | F15: ='Plan. Orçamentária'!I19 -> 27295.874 | G15: ='Plan. Orçamentária'!I19/2 -> 13647.937 | H15: ='Plan. Orçamentária'!I19/2 -> 13647.937 | N15: =F15 -> 27295.874 | O15: =SUM(G15:J15) -> 27295.874 | P15: =N15-O15 -> 0
A16: ='Plan. Orçamentária'!A20 -> 4 | B16: ='Plan. Orçamentária'!D20 -> REFORMA DE TELHADO | E16: Físico % | F16: =SUM(G16:J16) -> 1 | G16: =G17/$F17 -> 0.5 | H16: =H17/$F17 -> 0.5
E17: Financeiro | F17: ='Plan. Orçamentária'!I33 -> 46448.936 | G17: ='Plan. Orçamentária'!I33/2 -> 23224.468 | H17: ='Plan. Orçamentária'!I33/2 -> 23224.468 | N17: =F17 -> 46448.936 | O17: =SUM(G17:J17) -> 46448.936 | P17: =N17-O17 -> 0
A18: ='Plan. Orçamentária'!A34 -> 5 | B18: ='Plan. Orçamentária'!D34 -> PINTURA | E18: Físico % | F18: =SUM(G18:J18) -> 1 | G18: =G19/$F19 -> 0 | H18: =H19/$F19 -> 1
E19: Financeiro | F19: ='Plan. Orçamentária'!I36 -> 1303.0579 | H19: ='Plan. Orçamentária'!I36 -> 1303.0579
A20: ='Plan. Orçamentária'!A37 -> 6 | B20: ='Plan. Orçamentária'!D37 -> LIMPEZA DA OBRA | E20: Físico % | F20: =SUM(G20:J20) -> 1 | G20: =G21/$F21 -> 0.39791407 | H20: =H21/$F21 -> 0.60208593
E21: Financeiro | F21: ='Plan. Orçamentária'!I41 -> 6424.3727 | G21: ='Plan. Orçamentária'!I38+('Plan. Orçamentária'!I39/2) -> 2556.3483 | H21: =('Plan. Orçamentária'!I39/2)+'Plan. Orçamentária'!I40 -> 3868.0244 | N21: =F21 -> 6424.3727 | O21: =SUM(G21:J21) -> 6424.3727 | P21: =N21-O21 -> 0
A22: TOTAL | E22: Físico % | F22: =SUM(G22:I22) -> 0.98440828 | G22: =G23/$F23 -> 0.49558322 | H22: =H23/$F23 -> 0.48882506
E23: Financeiro | F23: ='Plan. Orçamentária'!I42 -> 83573.699 | G23: =G11+G13+G15+G17+G21 -> 41417.723 | H23: =H11+H13+H15+H17+H21 -> 40852.918 | N23: =F23 -> 83573.699 | O23: =SUM(G23:J23) -> 82270.641 | P23: =N23-O23 -> 1303.0579
A24: Observações:
